 Dungeon Crawl Stone Soup version 0.14-a0-2443-g5aee772 (webtiles) character file.

296 4tharraofdagon the Sneak (level 5, -4/24 HPs)
             Began as a Spriggan Enchanter on Feb 6, 2014.
             Slain by Crazy Yiuf
             ... wielding a +3,+2 quarterstaff of chaos
              (11 damage)
             ... on Level 6 of the Dungeon.
             The game lasted 00:04:24 (682 turns).

4tharraofdagon the Sneak (Spriggan Enchanter)        Turns: 682, Time: 00:04:25

HP  -4/24        AC  7     Str  5      XL: 5   Next: 90%
MP  18/18        EV 18     Int 17      God:
Gold 42          SH  0     Dex 16      Spells:  3 memorised,  6 levels left

rFire  . . .     SeeInvis +     o - +0,+1 dagger
rCold  . . .     Clarity  .     b - +2 robe
rNeg   . . .     Conserve .     (shield restricted)
rPois  .         rCorr    .     (helmet restricted)
rElec  .         rRot     .     (no cloak)
SustAb . .       Spirit   .     (gloves unavailable)
rMut   .         Warding  .     (boots unavailable)
Saprov . . .     Stasis   .     (no amulet)
MR     .....                    (no ring)
                                f - cursed ring of hunger

@: very quick, not resistant to hostile enchantments, quite stealthy
A: unfitting armour, slimy green scales 1, see invisible, herbivore 3, speed 3,
shaggy fur 1, slow metabolism 2
a: no special abilities


You were on level 6 of the Dungeon.
You were not hungry.

You visited 1 branch of the dungeon, and saw 6 of its levels.

You collected 42 gold pieces.

Inventory:

Hand weapons
 a - a +1,+1 dagger
 o - a +0,+1 dagger (weapon)
Missiles
 d - 27 darts (quivered)
Armour
 b - a +2 robe (worn)
Comestibles
 j - a bread ration
Scrolls
 g - a scroll of identify
Jewellery
 f - a cursed ring of hunger (left hand)
Potions
 e - a potion of porridge
 h - a potion of poison
 l - a potion of magic
Books
 c - a book of Maledictions

   Spells                             Type                      Level
   *Corona                            Hexes                        1
   Sure Blade                         Hexes/Charms                 2
   *Ensorcelled Hibernation           Hexes/Ice                    2
   *Confuse                           Hexes                        3
   Enslavement                        Hexes                        4
   Invisibility                       Hexes                        6


   Skills:
 * Level 4.1 Short Blades
 - Level 1.1 Throwing
 - Level 3.0 Dodging
 + Level 5.0 Stealth
 + Level 4.0 Spellcasting
 + Level 4.9 Hexes


You had 6 spell levels left.
You knew the following spells:

 Your Spells              Type           Power        Failure   Level  Hunger
a - Corona                Hex            ###....      2%          1    None
b - Ensorcelled Hibernat  Hex/Ice        ##....       12%         2    ##.....
c - Confuse               Hex            ###.....     10%         3    ###....


Dungeon Overview and Level Annotations

Branches:
Dungeon (6/16)
 Temple: D:4-7

Altars:
Fedhas

Annotations:
D:6 Crazy Yiuf


Innate Abilities, Weirdness & Mutations

You are tiny and cannot use many weapons and most armour.
You have supernaturally acute eyesight.
You are a herbivore.
You cover ground extremely quickly.
You need consume almost no food.
You are partially covered in slimy green scales (AC +2).
You are covered in fur (AC +1).


Message History

You hit the orc zombie. You barely miss the orc zombie.
The orc zombie closely misses you.
You hit the orc zombie.
You destroy the orc zombie!
Read which item? (? for menu, Esc to quit)
Okay, then.
Drink which item? (? for menu, Esc to quit)
Okay, then.
Drink which item? (? for menu, Esc to quit)
You feel extremely strange.
Slimy green scales grow over part of your body.
Fur sprouts all over your body.
It was a potion of mutation.
You open the door.
Crazy Yiuf comes into view.
He is wielding a quarterstaff of chaos.
Found a glowing hammer.
There is an open door here.
Crazy Yiuf shouts!
Crazy Yiuf hits you with a quarterstaff of chaos!
You die...

###### ♣♣♣##.....
#####♣♣♣♣♣♣♣##.....
#)@.#♣♣♣♣♣♣........
#g..'.♣♣♣♣.........
#...#♣..♣..........
#####♣♣♣.♣.........
♣♣♣♣♣♣♣♣##.....
♣♣♣♣♣♣##.....
###..... #.......
#.......


You could see Crazy Yiuf.

Vanquished Creatures
  2 centaurs (D:6)
  A hound (D:4)
  A worker ant (D:6)
  2 adders
  An orc zombie (D:6)
  A giant gecko (D:4)
  An ooze (D:5)
  A giant cockroach (D:2)
  8 goblins
  A hobgoblin (D:3)
  6 jackals (D:2)
  A quokka (D:4)
  A bat (D:5)
  A giant newt (D:5)
  A rat (D:2)
29 creatures vanquished.

Notes
Turn   | Place    | Note
--------------------------------------------------------------
     0 | D:1      | 4tharraofdagon, the Spriggan Enchanter, began the quest for the Orb.
     0 | D:1      | Reached XP level 1. HP: 9/9 MP: 4/4
    92 | D:2      | Reached XP level 2. HP: 7/13 MP: 7/7
   103 | D:2      | Learned a level 2 spell: Ensorcelled Hibernation
   244 | D:3      | Reached skill level 4 in Hexes
   284 | D:3      | Noticed an ogre
   325 | D:4      | Reached XP level 3. HP: 14/16 MP: 5/11
   411 | D:4      | Reached XP level 4. HP: 21/21 MP: 7/13
   423 | D:4      | Learned a level 3 spell: Confuse
   453 | D:4      | Found a blossoming altar of Fedhas.
   466 | D:5      | Entered Level 5 of the Dungeon
   575 | D:6      | Noticed a centaur
   575 | D:6      | Noticed a centaur
   586 | D:6      | Killed a centaur
   586 | D:6      | Reached XP level 5. HP: 17/24 MP: 12/16
   588 | D:6      | Killed a centaur
   610 | D:6      | Reached skill level 5 in Stealth
   673 | D:6      | Gained mutation: You are partially covered in slimy green scales (AC +2). [potion of mutation]
   673 | D:6      | Gained mutation: You are covered in fur (AC +1). [potion of mutation]
   679 | D:6      | Noticed Crazy Yiuf
   682 | D:6      | Slain by Crazy Yiuf

Action                   |  1- 3 |  4- 6 || total
-------------------------+-------+-------++-------
Melee: Dagger            |    47 |    26 ||    73
 Cast: Corona            |     1 |       ||     1
       Ensorcelled Hiber |     7 |     4 ||    11
  Use: Potion            |     1 |     2 ||     3
       Scroll            |     5 |     3 ||     8
 Stab: Sleeping          |    10 |     7 ||    17
